 Dungeon Crawl Stone Soup version 0.30-a0-1075-gcd70e7a56d (webtiles) character file.

Game seed: 4798624564234923679

254 Pimp the Digger (level 6, 0/52 HPs)
             Began as a Gargoyle Earth Elementalist on Apr 14, 2023.
             Slain by Crazy Yiuf
             ... wielding a +3 quarterstaff of chaos
              (6 damage)
             ... on level 3 of the Dungeon.
             The game lasted 00:07:36 (2939 turns).

Pimp the Digger (Gargoyle Earth Elementalist)       Turns: 2939, Time: 00:07:36

Health: 0/52       AC: 23    Str: 18    XL:     6   Next: 14%
Magic:  9/10       EV:  2    Int: 17    God:
Gold:   215        SH:  0    Dex: 10    Spells: 9/10 levels left

rFire   . . .      SeeInvis .    v - +3 flail (freeze)
rCold   . . .      Faith    .    (no shield)
rNeg    + . .      Spirit   .    t - melded +0 animal skin
rPois   ∞          Reflect  .    s - melded +0 helmet
rElec   .          Rampage  .    (cloak currently unavailable)
rCorr   .          NoTele   +    (gloves currently unavailable)
Will    .....                    (boots currently unavailable)
Stlth   ++                       p - amulet of magic regeneration
HPRegen 0.28/turn                c - +6 ring of strength
MPRegen 0.52/turn                q - ring of wizardry

@: tree-form
A: stationary, stasis, torment immunity, boosted hp, sickness immunity, AC +4,
negative energy resistance 1, (electricity resistance), torment resistance 1,
petrification resistance, (iridescent scales 1), screaming 1
a: no special abilities


You were on level 3 of the Dungeon.
You were a tree.
You visited 1 branch of the dungeon, and saw 3 of its levels.

You collected 215 gold pieces.

Inventory:

Hand Weapons
 f - a +0 spear of flaming
 m - a +1 short sword of speed
 v - a +3 flail of freezing (weapon)
Armour
 a - a +0 robe
 s - a +0 helmet (melded)
 t - a +0 animal skin (melded)
Jewellery
 c - a +6 ring of strength (left branch)
 o - a ring of ice
 p - an amulet of magic regeneration (around neck)
 q - a ring of wizardry (right branch)
Wands
 l - a wand of quicksilver (4)
Scrolls
 d - a scroll of identify
 k - 2 scrolls of vulnerability
Potions
 b - 2 potions of magic
 e - 2 potions of curing
 g - a potion of degeneration {unknown}
 h - a potion of lignification {unknown}
 i - a potion of ambrosia {unknown}


   Skills:
 + Level 2.1 Fighting
 + Level 0.3 Maces & Flails
 - Level 1.4 Polearms
 + Level 2.1 Armour
 + Level 2.3 Dodging
 - Level 2.3 Stealth
 + Level 2.9 Spellcasting
 + Level 1.9 Transmutations
 + Level 4.3 Earth Magic


You had 9 spell levels left.
You knew the following spells:

 Your Spells              Type           Power      Damage    Failure   Level
a - Sandblast             Erth           34%        2d9       1%          1

Your spell library contained the following spells:

 Spells                   Type           Power      Damage    Failure   Level
 Passwall                 Tmut/Erth      10%        N/A       3%          2
 Stone Arrow              Conj/Erth      18%        3d8       9%          3
 Petrify                  Tmut/Erth      13%        N/A       19%         4


Dungeon Overview and Level Annotations

Branches:
Dungeon (3/15)

Altars:
Ashenzari
Makhleb

Annotations:
D:3 Crazy Yiuf


Innate Abilities, Weirdness & Mutations

You are a tree.
Your roots penetrate the ground, keeping you stationary.
You cannot be teleported.
You are immune to unholy pain and torment.
Your maximum health is greatly increased.
Your equipment is partially melded.
You are immune to sickness and miasma.
((Your stone body is resilient. (AC +4)))
You are immune to poison.
You resist negative energy. (rN+)
((You are resistant to electric shocks. (rElec)))
You are resistant to unholy torment.
You are immune to petrification.
((You are partially covered in iridescent scales. (AC +2)))
You occasionally shout uncontrollably at your foes.


Message History

You feel weaker.
You no longer feel strong-willed.
You feel the urge to shout.
Iridescent scales grow over part of your body.
Crazy Yiuf shouts!
You open the door.
Crazy Yiuf screams, "Lugonu!"
Crazy Yiuf says, "Hack!"
Casting: Sandblast (safe; 1% risk of failure)
Confirm with . or Enter, or press ? or * to list all spells.
Aiming: Sandblast (safe; 1% risk of failure)
Press: ? - help, Shift-Dir - straight line, f - Crazy Yiuf
Aim: Crazy Yiuf, wielding a +3 quarterstaff of chaos and wearing a +0 cloak (84% to hit)
The blast of sand hits Crazy Yiuf.
Crazy Yiuf is moderately wounded.
Crazy Yiuf hits you with a +3 quarterstaff of chaos!
You closely miss Crazy Yiuf.
Crazy Yiuf is moderately wounded.
Crazy Yiuf hits you with a +3 quarterstaff of chaos.
You hit Crazy Yiuf. You freeze Crazy Yiuf.
Crazy Yiuf is severely wounded.
Crazy Yiuf hits you with a +3 quarterstaff of chaos.
You feel your power leaking away.
Casting: Sandblast (safe; 1% risk of failure)
Confirm with . or Enter, or press ? or * to list all spells.
Aiming: Sandblast (safe; 1% risk of failure)
Press: ? - help, Shift-Dir - straight line, f/p - Crazy Yiuf
Aim: Crazy Yiuf, wielding a +3 quarterstaff of chaos and wearing a +0 cloak (severely wounded, 84% to hit)
The blast of sand hits Crazy Yiuf.
Crazy Yiuf is severely wounded.
Crazy Yiuf hits you with a +3 quarterstaff of chaos!
Crazy Yiuf freezes you.
Crazy Yiuf whimpers, "Cod!
Snoogle song high."
Crazy Yiuf hits you with a +3 quarterstaff of chaos!
* * * LOW HITPOINT WARNING * * *
You turn into a tree.
Your +0 helmet melds into your body.
Your +0 animal skin melds into your body.
Your roots penetrate the ground.
You barely miss Crazy Yiuf. You punch Crazy Yiuf, but do no damage.
Crazy Yiuf is severely wounded.
Crazy Yiuf hits you with a +3 quarterstaff of chaos.
You die...

...# #..# #.#....>......
...# #..# #.############
...# #..# #.# #.#### ####
#..# #.####....# #..#
#.........# #..#
######.#..#
#..###########.......#
#............#.##.#.##
##.#####♣.##.#.##.#.#####
#.# ##g..#.#...........
#.# #....######.#.#####
#######.# #....# #...#.#
#.......## ♣.P..♣ ##..#.#
#....##..# ♣..P♣♣
#.....### ####..#.##.##
♣♣.♣♣ #....†..##
............# ♣.♣♣
#........# ..##.##.##..#
♣♣.♣ #...###..##


You could see Crazy Yiuf.

Vanquished Creatures
  An orc priest (D:2)
  An orc wizard (D:3)
  Robin (D:2)
  4 adders
  4 gnolls (D:2)
  2 worms
  3 dart slugs
  13 orcs
  6 ball pythons
  6 bats
  An endoplasm (D:1)
  2 giant cockroaches
  10 goblins
  15 hobgoblins
  3 quokkas
  3 frilled lizards
  8 kobolds
  4 rats (D:2)
87 creatures vanquished.

Notes
Turn   | Place    | Note
-------+----------+-------------------------------------------
     0 | D:1      | Pimp the Gargoyle Earth Elementalist began the quest for
                  | the Orb.
     0 | D:1      | Reached XP level 1. HP: 10/10 MP: 3/3
    90 | D:1      | Reached XP level 2. HP: 15/15 MP: 3/5
   115 | D:1      | Reached skill level 1 in Transmutations
   549 | D:1      | Reached XP level 3. HP: 20/20 MP: 4/6
   751 | D:2      | Reached skill level 1 in Fighting
   767 | D:2      | Reached skill level 1 in Polearms
   767 | D:2      | Reached skill level 1 in Armour
   767 | D:2      | Reached skill level 4 in Earth Magic
   767 | D:2      | Reached XP level 4. HP: 17/25 MP: 2/7
  1025 | D:2      | Reached XP level 5. HP: 10/29 MP: 2/8
  1583 | D:2      | Noticed Robin
  1590 | D:2      | Killed Robin
  2081 | D:3      | Found a runed translucent door.
  2082 | D:3      | Noticed Crazy Yiuf
  2268 | D:3      | Found a burning altar of Makhleb.
  2315 | D:3      | Reached XP level 6. HP: 35/35 MP: 10/10
  2769 | D:3      | Found a broken altar of Ashenzari.
  2921 | D:3      | Gained mutation: You occasionally lose the ability to read
                  | scrolls when taking damage. [potion of mutation]
  2921 | D:3      | Gained mutation: You expend magic power (3 MP) to
                  | strengthen your wands. [potion of mutation]
  2922 | D:3      | Lost mutation: You expend magic power (3 MP) to strengthen
                  | your wands. [potion of mutation]
  2922 | D:3      | Lost mutation: You occasionally lose the ability to read
                  | scrolls when taking damage. [potion of mutation]
  2922 | D:3      | Gained mutation: You are strong-willed. (Will+) [potion of
                  | mutation]
  2922 | D:3      | Gained mutation: Your muscles are strong. (Str +4, Int/Dex
                  | -1) [potion of mutation]
  2923 | D:3      | Lost mutation: Your muscles are strong. (Str +4, Int/Dex
                  | -1) [potion of mutation]
  2923 | D:3      | Lost mutation: You are strong-willed. (Will+) [potion of
                  | mutation]
  2923 | D:3      | Gained mutation: You occasionally shout uncontrollably at
                  | your foes. [potion of mutation]
  2923 | D:3      | Gained mutation: You are partially covered in iridescent
                  | scales. (AC +2) [potion of mutation]
  2939 | D:3      | Slain by Crazy Yiuf

Illustrated notes

Levels and vault maps discovered:
D:1:      minmay_arrival_hallway, layout_basic, minmay_misc_feat_secret_circle
D:2:      layout_loops_cross, uniq_robin
D:3:      layout_basic, lemuel_crystal_altar, cheibrodos_ashenzari_chains,
          hangedman_abyss_or_decor_lesser_grid, amcnicky_mini_pool_small,
          uniq_crazy_yiuf_cottage

Skill      XL: |  1  2  3  4  5 |
---------------+----------------+-----
Transmutations | 1 |  1.9
Fighting       | 1 2 |  2.1
Polearms       | 1 |  1.4
Armour         | 1 2 |  2.1
Dodging        | 2 |  2.3
Earth Magic    | 4 |  4.3
Maces & Flails | |  0.3
Stealth        | |  2.3
Spellcasting   | |  2.9

Action                     |  1- 3 |  4- 6 || total
---------------------------+-------+-------++-------
  Melee: Spear             |    53 |   110 ||   163
         Unarmed           |     2 |       ||     2
         Flail             |       |    15 ||    15
         Punch             |       |     1 ||     1
   Cast: Sandblast         |    25 |    30 ||    55
    Use: Potion            |       |     5 ||     5
         Scroll            |       |     6 ||     6
   Stab: Sleeping          |     1 |     3 ||     4
 Armour: Robe              |    34 |    13 ||    47
         Animal skin       |       |    21 ||    21
  Dodge: Dodged            |    48 |    87 ||   135

Table legend: (Time is in decaauts)
 A = Elapsed time spent in this place.
 B = Non-inter-level travel time spent in this place.
 C = Inter-level travel time spent in this place.
 D = Time resting spent in this place.
 E = Time spent auto-exploring this place.
 F = Levels seen in this place.
 G = Mean time per level.
                   A        B        C        D        E       F      G
               +--------+--------+--------+--------+--------+-----+--------+
         Total |   2977 |   2919 |     58 |    585 |   1644 |   3 |  992.3 |
       Dungeon |   2977 |   2919 |     58 |    585 |   1644 |   3 |  992.3 |
               +--------+--------+--------+--------+--------+-----+--------+

Top non-repeatable levels by time:
     D:2: 1183 daAuts
     D:3: 1151 daAuts
     D:1: 643 daAuts
